 Dungeon Crawl Stone Soup version 0.19.4-10-g532645f (webtiles) character file.

70 Rrauwl the Insei (level 4, -6/32 HPs)
             Began as a Draconian Transmuter on Feb 23, 2017.
             Was a Follower of Hepliaklqana.
             Killed by nerve-wracking pain
             ... invoked by an orc priest
              (14 damage)
             ... on level 3 of the Dungeon.
             The game lasted 00:12:06 (1806 turns).

Rrauwl the Insei (Draconian Transmuter)             Turns: 1806, Time: 00:12:07

Health: -6/32      AC:  5    Str: 12    XL:     4   Next: 3%
Magic:  5/7        EV: 13    Int: 13    God:    Hepliaklqana [*.....]
Gold:   141        SH:  0    Dex: 13    Spells: 2 memorised, 5 levels left

rFire  . . .     SeeInvis .       - Unarmed
rCold  . . .     Gourm    .     (armour unavailable)
rNeg   . . .     Faith    .     (no shield)
rPois  .         Spirit   .     (helmet restricted)
rElec  .         Reflect  .     (no cloak)
rCorr  .         Harm     .     (no gloves)
MR     .....                    (no boots)
Stlth  +.........               i - amulet of rage
                                (no ring)
                                (no ring)

@: no status effects
A: unfitting armour, reduced essence, cold-blooded, AC +5
a: Recall Ancestor, Ancestor Identity, Renounce Religion, Evoke Berserk Rage


You were on level 3 of the Dungeon.
You worshipped Hepliaklqana.
Hepliaklqana was aware of your devotion.
You were hungry.

You visited 1 branch of the dungeon, and saw 3 of its levels.

You collected 141 gold pieces.

Inventory:

Missiles
 a - 56 arrows
Jewellery
 i - an amulet of rage (around neck)
Wands
 e - a wand of slowing (38/48)
 j - a wand of acid (8/15)
Scrolls
 d - a scroll of teleportation
 h - a scroll of blinking {unknown}
 k - a scroll of noise {unknown}
 l - a scroll of random uselessness {unknown}
Books
 b - a book of Changes

   Spells                             Type                      Level
   a - Beastly Appendage              Transmutation                1
   b - Sticks to Snakes               Transmutation                2
   c - Spider Form                    Transmutation/Poison         3
   d - Ice Form                       Ice/Transmutation            4
   e - Blade Hands                    Transmutation                5
Comestibles
 c - 3 bread rations
 f - 5 chunks of flesh
 g - a beef jerky


   Skills:
 + Level 2.1 Fighting
 + Level 2.4 Dodging
 + Level 3.3 Unarmed Combat
 + Level 2.5 Spellcasting
 + Level 2.5 Transmutations


You had 5 spell levels left.
You knew the following spells:

 Your Spells              Type           Power        Failure   Level  Hunger
a - Beastly Appendage     Tmut           #.....       10%         1    #......
b - Sticks to Snakes      Tmut           #.......     14%         2    ###....


Dungeon Overview and Level Annotations

Branches:
Dungeon (3/15)

Altars:
Hepliaklqana
Okawaru


Innate Abilities, Weirdness & Mutations

Your plain brown scales are hard. (AC +5)
You cannot fit into any form of body armour.
You are cold-blooded and may be slowed by cold attacks.
Your life essence is reduced. (-10% HP)


Message History

Your adder barely misses the orc.
The orc barely misses your adder.
Your adder misses the orc. The orc barely misses your adder.
Your adder bites the orc.
The orc hits your adder but does no damage.
Your adder barely misses the orc.
Your adder barely misses the orc.
The orc hits your adder but does no damage.
Your adder bites the orc.
The orc priest calls down the wrath of Beogh upon you.
Beogh smites you!
* * * LOW HITPOINT WARNING * * *
The orc closely misses your adder.
Your adder bites the orc.
The orc dies!
The orc priest begins to cast a cantrip, but forgets the words!
You are feeling hungry.
Your adder bites the orc priest but does no damage.
You swap places.
The orc priest invokes the aid of Beogh against you.
Pain shoots through your body!
You die...

### #.. #.# ..#.)...#
#.# ........# #.#
#......# #.# . #...o..#
#.# #..#.....# #S#
#..#.....#####@#
........o.##.)o.#
..........##.####
......#.....#....#
..........o..R.#.#
......#.....##.....# #
............####.###.##
......#.....# #......
......#.....# #...#


You could see an orc priest and a friendly adder.

Vanquished Creatures
  A worm (D:2)
  2 dart slugs (D:1)
  An orc (D:3)
  4 giant cockroaches
  9 goblins
  6 hobgoblins (D:1)
  A jackal (D:2)
  5 kobolds
  2 quokkas (D:2)
  5 bats
  6 frilled lizards
  4 rats (D:1)
46 creatures vanquished.

Vanquished Creatures (collateral kills)
  An ooze (D:2)
  2 orcs (D:3)
  2 jackals (D:2)
  2 bats (D:2)
  A frilled lizard (D:2)
8 creatures vanquished.

Vanquished Creatures (others)
  An ancestor (D:3)
1 creature vanquished.

Grand Total: 55 creatures vanquished

Notes
Turn   | Place    | Note
-------+----------+-------------------------------------------
     0 | D:1      | Rrauwl the Draconian Transmuter began the quest for the Orb.
     0 | D:1      | Reached XP level 1. HP: 16/16 MP: 3/3
   141 | D:1      | Reached XP level 2. HP: 17/23 MP: 5/5
   529 | D:1      | Reached XP level 3. HP: 26/29 MP: 6/6
   881 | D:2      | Found a hazy altar of Hepliaklqana.
   895 | D:2      | Became a worshipper of Hepliaklqana the Forgotten
  1019 | D:2      | Found an iron altar of Okawaru.
  1714 | D:2      | Learned a level 2 spell: Sticks to Snakes
  1719 | D:3      | Reached * piety under Hepliaklqana
  1785 | D:3      | Reached XP level 4. HP: 7/32 MP: 3/7
  1806 | D:3      | Killed from afar by an orc priest

Skill      XL: |  1  2  3 |
---------------+----------+-----
Dodging        | 2 |  2.4
Fighting       | 2 |  2.1
Unarmed Combat | |  3.3
Spellcasting   | |  2.5
Transmutations | |  2.5

Action                   |  1- 3 |  4- 6 || total
-------------------------+-------+-------++-------
Melee: Unarmed           |   180 |       ||   180
       Tailslap          |     9 |       ||     9
       Kick              |    11 |       ||    11
       Headbutt          |     6 |       ||     6
       Punch             |     1 |       ||     1
 Cast: Beastly Appendage |    16 |       ||    16
       Sticks to Snakes  |     2 |       ||     2
Invok: Ancestor Identity |     1 |       ||     1
  Use: Scroll            |     4 |       ||     4
       Potion            |       |     1 ||     1
 Stab: Distracted        |     1 |       ||     1
  Eat: Chunk             |     3 |       ||     3
Armor: Skin              |    50 |       ||    50
Dodge: Dodged            |    97 |       ||    97
